 Dungeon Crawl Stone Soup version 0.22.0-38-g04b72b8 (webtiles) character file.

151 Lew the Shield-Bearer (level 5, -6/33 HPs)
             Began as a Gargoyle Fighter on Aug 27, 2018.
             Mangled by an ogre
             ... wielding a +0 giant club
              (13 damage)
             ... on level 4 of the Dungeon.
             The game lasted 00:04:53 (2462 turns).

Lew the Shield-Bearer (Gargoyle Fighter)            Turns: 2462, Time: 00:04:55

Health: -6/33      AC: 13    Str: 21    XL:     5   Next: 33%
Magic:  5/5        EV:  5    Int:  8    God:
Gold:   192        SH:  9    Dex:  9    Spells: 4/4 levels left

rFire    . . .     SeeInvis .   a - +1 war axe
rCold    . . .     Gourm    .   c - +0 shield
rNeg     + . .     Faith    .   b - +0 scale mail
rPois    ∞         Spirit   .   (no helmet)
rElec    +         Reflect  .   (no cloak)
rCorr    .         Harm     .   (no gloves)
MR       .....                  k - +1 pair of boots
Stlth    ..........             (no amulet)
HPRegen  0.11/turn              (no ring)
MPRegen  0.09/turn              (no ring)

@: constricted
A: negative energy resistance 1, electricity resistance, unbreathing,
petrification resistance, rot immunity, AC +4
a: no special abilities


You were on level 4 of the Dungeon.
You were not hungry.

You visited 1 branch of the dungeon, and saw 4 of its levels.

You collected 192 gold pieces.

Inventory:

Hand Weapons
 a - a +1 war axe (weapon)
Armour
 b - a +0 scale mail (worn)
 c - a +0 shield (worn)
 g - a +0 large shield
 k - a +1 pair of boots (worn)
Scrolls
 h - a scroll of remove curse
 l - 2 scrolls of teleportation
Potions
 d - a potion of might
 e - 4 potions of curing
 i - 2 potions of magic
 j - a potion of lignification
Comestibles
 f - 3 rations


   Skills:
 + Level 3.8 Fighting
 + Level 2.5 Axes
 + Level 4.0 Armour
 + Level 1.3 Dodging
 + Level 2.1 Stealth
 + Level 4.0 Shields


You had 4 spell levels left.
You didn't know any spells.
Your spell library was empty.

Dungeon Overview and Level Annotations

Branches:
Dungeon (4/15)
 Temple: D:4-7

Altars:
Okawaru
Sif Muna
Xom


Innate Abilities, Weirdness & Mutations

You are resistant to torment.
Your stone body is resilient. (AC +4)
You are immune to poison.
You resist negative energy. (rN+)
You are resistant to electric shocks. (rElec)
You can survive without breathing.
You are immune to petrification.
You are immune to rotting.


Message History

The ogre is heavily wounded.
The ogre hits you with a giant club!
You hit the ogre.
The ogre is severely wounded.
You hit the adder skeleton. You block the ogre's attack.
You block the adder skeleton's attack.
The adder skeleton completely misses you.
You barely miss the ogre.
The ogre is severely wounded.
You hit the ball python skeleton but do no damage.
You barely miss the adder skeleton. The ogre hits you with a giant club!
* * * LOW HITPOINT WARNING * * *
The ball python skeleton barely misses you.
The ball python skeleton grabs you.
The ball python skeleton constricts you.
The adder skeleton bites you but does no damage.
You block the ball python skeleton's attack.
The ball python skeleton constricts you.
The ogre hits you with a giant club!
You die...

#.# #. # #.# #.. .. #.#
#.# #.# #.####.# #.# #
#......# ##.# #..
#.#.##.# ##...
#...#######.#.##.###....
#...........#.##........
#.....O@.........###....
#.##..ZZ.#####.#.# ##...
#.....# #.#.# ##.#
###.### ....# #.# #..
.....#####.# #..
##........... #..
##.#######.b #.# #.# ###
#.# #


You could see an ogre, a ball python skeleton and an adder skeleton.

Vanquished Creatures
  Jessica (D:3)
  4 adders
  An ooze (D:1)
  3 worms
  3 leopard geckos
  An orc (D:3)
  7 bats
  3 giant cockroaches
  10 goblins
  12 hobgoblins
  9 kobolds
  3 quokkas
  5 frilled lizards
  8 rats
70 creatures vanquished.

Notes
Turn   | Place    | Note
-------+----------+-------------------------------------------
     0 | D:1      | Lew the Gargoyle Fighter began the quest for the Orb.
     0 | D:1      | Reached XP level 1. HP: 14/14 MP: 1/1
    93 | D:1      | Reached XP level 2. HP: 19/19 MP: 2/2
   297 | D:1      | Reached skill level 1 in Stealth
   349 | D:1      | Reached XP level 3. HP: 23/23 MP: 3/3
  1046 | D:2      | Reached XP level 4. HP: 28/28 MP: 4/4
  1272 | D:2      | Found a deep blue altar of Sif Muna.
  1386 | D:2      | Reached skill level 1 in Dodging
  1730 | D:3      | Found a shimmering altar of Xom.
  1875 | D:3      | Noticed Jessica
  1885 | D:3      | Reached XP level 5. HP: 28/33 MP: 5/5
  1891 | D:3      | Killed Jessica
  1906 | D:3      | Found an iron altar of Okawaru.
  2455 | D:4      | Noticed an ogre
  2462 | D:4      | Mangled by an ogre

Skill      XL: |  1  2  3  4  5 |
---------------+----------------+-----
Stealth        | 1 2 |  2.1
Axes           | 2 |  2.5
Dodging        | 1 |  1.3
Armour         | 4 |  4.0
Shields        | 4 |  4.0
Fighting       | |  3.8

Action                   |  1- 3 |  4- 6 || total
-------------------------+-------+-------++-------
Melee: War axe           |   134 |   126 ||   260
  Use: Scroll            |       |    10 ||    10
       Potion            |       |     3 ||     3
  Eat: Chunk             |       |     3 ||     3
       Ration            |       |     1 ||     1
Armor: Scale mail        |    76 |    85 ||   161
Dodge: Dodged            |    46 |    49 ||    95
Block: Shield            |    68 |    76 ||   144
